 Dungeon Crawl Stone Soup version 0.30-a0-748-ge6a52f7cba (webtiles) character file.

Game seed: 9800038776406839179

93 Leeroy the Slasher (level 4, -2/33 HPs)
             Began as a Merfolk Gladiator on Feb 8, 2023.
             Succumbed to a water moccasin's poison
             ... in a sewer.
             The game lasted 00:02:25 (1867 turns).

Leeroy the Slasher (Merfolk Gladiator)              Turns: 1867, Time: 00:02:26

Health: -2/33      AC:  6    Str: 14    XL:     4   Next: 61%
Magic:  4/4        EV: 13    Int:  7    God:
Gold:   82         SH:  0    Dex: 17    Spells: 1/3 levels left

rFire   . . .      SeeInvis .    a - +0 long sword
rCold   . . .      Faith    .    (no shield)
rNeg    . . .      Spirit   .    b - +0 leather armour
rPois   .          Reflect  .    c - +0 helmet
rElec   .          Harm     .    k - +1 cloak
rCorr   .          Rampage  .    (no gloves)
Will    .....                    (no boots)
Stlth   +                        f - amulet of the acrobat
HPRegen 0.25/turn                (no ring)
MPRegen 0.09/turn                (no ring)

@: lethally poisoned (-2 -> -22), hasted, very quick
A: (nimble swimmer 2), mertail
a: no special abilities


You were in a sewer.
You visited 1 branch of the dungeon, and saw 3 of its levels.
You also visited: Sewer.

You collected 82 gold pieces.

Inventory:

Hand Weapons
 a - a +0 long sword (weapon)
Missiles
 d - 4 throwing nets (quivered)
 e - a javelin
Armour
 b - a +0 leather armour (worn)
 c - a +0 helmet (worn)
 k - a +1 cloak (worn)
Jewellery
 f - an amulet of the acrobat (around neck)
Scrolls
 g - a scroll of immolation {unknown}
 h - a scroll of blinking {unknown}
 i - 2 scrolls of identify {unknown}
 l - a scroll of enchant armour {unknown}
 m - 2 scrolls of noise {unknown}
Potions
 j - a potion of lignification {unknown}
 n - a potion of ambrosia {unknown}
 o - a potion of curing {unknown}


   Skills:
 - Level 2.1 Fighting
 + Level 6.3 Long Blades
 - Level 2.0 Throwing
 - Level 4.0 Dodging


You had one spell level left.
You knew the following spells:

 Your Spells              Type           Power      Damage    Failure   Level
a - Wereblood             Tmut           0%         N/A       65%         2

Your spell library contained the following spells:

 Spells                   Type           Power      Damage    Failure   Level
 Sublimation of Blood     Necr           0%         N/A       65%         2
 Summon Hydra             Summ           0%         N/A       100%        7


Dungeon Overview and Level Annotations

Branches:
Dungeon (3/15)              Sewer (1/1)

Altars:

Shops:
D:2 =


Innate Abilities, Weirdness & Mutations

((You are very nimble when in or above water. (Stealth+, EV+, Speed+++)))
Your lower body shifts to a powerful aquatic tail in water.


Message History

A water moccasin comes into view.
The water moccasin hisses angrily.
Okay, then.
You aren't carrying any items that you can evoke.
Found 2 scrolls labelled GUVEMM FAHI and 14 gold pieces.
You see here a potion of haste.
p - a potion of haste The water moccasin closely misses you.
The water moccasin bites you!
You are poisoned.
The water moccasin poisons you!
You feel yourself speed up.
You feel very sick.
The water moccasin bites you but does no damage.
You hit the water moccasin.
The water moccasin is lightly wounded.
You feel sick. The water moccasin bites you.
You are lethally poisoned!
The water moccasin poisons you!
You closely miss the water moccasin.
The water moccasin is lightly wounded.
You feel very sick.
The water moccasin completely misses you.
You miss the water moccasin.
The water moccasin is lightly wounded.
You feel very sick.
You closely miss the water moccasin.
The water moccasin is lightly wounded.
You feel very sick. The water moccasin closely misses you.
The water moccasin bites you.
* * * LOW HITPOINT WARNING * * *
You are more poisoned.
The water moccasin poisons you!
You miss the water moccasin.
The water moccasin is lightly wounded.
* * * LOW HITPOINT WARNING * * *
You feel very sick. The water moccasin barely misses you.
You barely miss the water moccasin.
The water moccasin is lightly wounded.
You die...

### .... .....
$.....############
?.....S@.........∩
$.....####.#######
..... #.# .... #.#
### #.# #.# #.#
##.## ##...##


You could see a water moccasin.

Vanquished Creatures
  3 adders
  A worm (D:2)
  A dart slug (D:1)
  9 ball pythons
  4 endoplasms
  3 giant cockroaches
  4 goblins
  5 hobgoblins
  5 jackals
  5 kobolds
  3 quokkas
  6 bats
  5 frilled lizards
  6 rats
60 creatures vanquished.

Notes
Turn   | Place    | Note
-------+----------+-------------------------------------------
     0 | D:1      | Leeroy the Merfolk Gladiator began the quest for the Orb.
     0 | D:1      | Reached XP level 1. HP: 16/16 MP: 1/1
    75 | D:1      | Reached skill level 4 in Long Blades
    97 | D:1      | Reached XP level 2. HP: 13/22 MP: 2/2
   328 | D:1      | Reached skill level 5 in Long Blades
   328 | D:1      | Reached XP level 3. HP: 26/27 MP: 3/3
  1093 | D:2      | Learned a level 2 spell: Wereblood
  1226 | D:2      | Found Hextugh's Jewellery Emporium.
  1253 | D:2      | Reached XP level 4. HP: 32/33 MP: 4/4
  1393 | D:2      | Reached skill level 6 in Long Blades
  1714 | D:3      | Found a glowing drain.
  1767 | Sewer    | Entered a sewer
  1857 | Sewer    | Noticed a water moccasin
  1866 | Sewer    | HP: 1/33 [poisoned by a water moccasin]
  1867 | Sewer    | Succumbed to a water moccasin's poison

Illustrated notes

Levels and vault maps discovered:
D:1:      lightli_arrival_boilingwater, layout_loops_cross
D:2:      layout_loops_corners, serial_shops, shop
D:3:      layout_basic, cheibrodos_sewer_entry_drain,
          chequers_serial_rivers_room_a, amcnicky_altar_lugonu_corruption
Sewer:    sewer_big_baddie

Skill      XL: |  1  2  3  4 |
---------------+-------------+-----
Long Blades    | 4 5 6 |  6.3
Fighting       | |  2.1
Throwing       | |  2.0
Dodging        | |  4.0

Action                     |  1- 3 |  4- 6 || total
---------------------------+-------+-------++-------
  Melee: Long sword        |   107 |    72 ||   179
         Tailslap          |       |     1 ||     1
    Use: Potion            |       |     1 ||     1
   Stab: Sleeping          |     4 |     1 ||     5
 Armour: Leather armour    |    26 |    14 ||    40
  Dodge: Dodged            |    66 |    58 ||   124

Table legend: (Time is in decaauts)
 A = Elapsed time spent in this place.
 B = Non-inter-level travel time spent in this place.
 C = Inter-level travel time spent in this place.
 D = Time resting spent in this place.
 E = Time spent auto-exploring this place.
 F = Levels seen in this place.
 G = Mean time per level.
                   A        B        C        D        E       F      G
               +--------+--------+--------+--------+--------+-----+--------+
         Total |   1881 |   1833 |     48 |      0 |   1426 |   4 |  470.2 |
       Dungeon |   1785 |   1737 |     48 |      0 |   1354 |   3 |  595.0 |
         Sewer |     96 |     96 |      0 |      0 |     71 |   1 |   96.0 |
               +--------+--------+--------+--------+--------+-----+--------+

Top non-repeatable levels by time:
     D:2: 1052 daAuts
     D:1: 679 daAuts
   Sewer: 96 daAuts
     D:3: 53 daAuts
